Map: Oxide LE

Players

ShoWTimE

  • Race: Protoss Protoss
  • League: Master
  • Spawn Location: 1:00

LiquidClem (Clem) - Winner!

  • Race: Terran Terran
  • League: Grandmaster
  • Spawn Location: 7:00

Event: DreamHack SC2 Masters 2020 Winter

VOD

Have the link to the VOD?

Description

Time

  • Played on: Nov. 7, 2020, 11:36 a.m.
  • Length: 11:38

All games in this series

Show
View Real Time Build Order
Export as new Build Order

ShoWTimE Protoss 

Build Orders: 1 Gate Expand, Colossus Rush 

Get SALT Encoding   

  12  0:00  Probe  
  13  0:12  Probe  
  14  0:17  Pylon  
  14  0:24  Probe (Chrono Boost)  
  15  0:36  Probe (Chrono Boost)  
  15  0:37  Gateway  
  16  0:45  Probe (Chrono Boost)  
  16  0:46  Assimilator  
  17  0:50  Probe  
  18  1:03  Probe  
  19  1:15  Probe  
  20  1:24  Cybernetics Core  
  20  1:34  Nexus  
  22  1:47  Pylon  
  22  1:50  Probe  
  23  1:55  Warp Gate (Chrono Boost)  
  23  1:57  Assimilator  
  23  1:58  Stalker (Chrono Boost)  
  23  2:05  Probe  
  23  2:17  Probe  
  23  2:21  Stalker  
  27  2:30  Probe  
  27  2:32  Gateway  
  27  2:42  Probe  
  27  2:44  Robotics Facility  
  28  2:47  Probe  
  29  2:53  Stalker  
  29  2:56  Probe  
  32  2:59  Probe  
  33  3:09  Probe  
  33  3:11  Probe  
  35  3:16  Pylon  
  35  3:21  Probe  
  35  3:24  Probe  
  37  3:30  Stalker  
  37  3:31  Observer (Chrono Boost)  
  37  3:33  Probe  
  41  3:34  Stalker  
  41  3:36  Probe  
  44  3:42  Pylon  
  44  3:44  Observer (Chrono Boost)  
  44  3:45  Probe  
  44  3:48  Probe  
  47  3:54  Stalker  
  49  3:59  Stalker  
  49  4:00  Probe x2 (Chrono Boost)  
  55  4:11  Probe (Chrono Boost)  
  55  4:13  Probe (Chrono Boost)  
  55  4:15  Probe (Chrono Boost)  
  44  4:19  Stalker  
  44  4:21  Probe (Chrono Boost)  
  46  4:31  Probe (Chrono Boost)  
  46  4:33  Probe (Chrono Boost)  
  47  4:39  Probe (Chrono Boost)  
  47  4:40  Probe (Chrono Boost)  
  49  4:46  Robotics Bay  
  49  4:47  Pylon, Probe  
  49  4:50  Probe  
  51  4:54  Warp Prism (Chrono Boost)  
  54  5:00  Probe  
  54  5:02  Probe  
  51  5:12  Probe  
  51  5:15  Probe  
  52  5:24  Probe  
  52  5:27  Probe  
  52  5:32  Colossus (Chrono Boost)  
  54  5:36  Gravitic Drive, Probe  
  54  5:39  Probe  
  54  5:40  Assimilator  
  52  5:42  Assimilator  
  52  5:46  Stalker, Gateway  
  52  5:48  Observer, Probe  
  55  5:51  Probe  
  55  5:55  Forge  
  56  5:57  Twilight Council  
  56  6:00  Probe  
  56  6:03  Probe  
  58  6:12  Probe  
  58  6:13  Pylon x2  
  58  6:15  Probe  
  58  6:17  Gateway  
  59  6:23  Colossus (Chrono Boost)  
  59  6:24  Probe  
  58  6:29  Probe  
  65  6:37  Charge (Chrono Boost), Shield Battery  
  65  6:41  Probe  
  66  6:49  Zealot x3  
  66  6:53  Shield Battery  
  72  7:03  Pylon  
  72  7:08  Pylon  
  75  7:13  Zealot x2, Sentry x2  
  81  7:24  Protoss Ground Armor Level 1 (Chrono Boost)  
  81  7:27  Pylon  
  81  7:28  Probe  
  81  7:29  Probe  
  80  7:35  Gateway, Robotics Facility  
  80  7:36  Zealot x3  
  85  7:49  Gateway  
  84  7:57  Zealot x3  
  90  8:05  Extended Thermal Lance  
  90  8:06  Templar Archives  
  90  8:14  Pylon  
  90  8:22  Zealot x3  
  96  8:29  Observer  
  97  8:36  Pylon  
  97  8:42  Probe x2  
  97  8:43  Zealot  
  97  8:47  High Templar x2, Zealot x2  
  108  8:52  Archon  
  108  8:54  Observer, Probe  
  109  8:56  Nexus  
  109  8:57  Probe  
  109  8:59  Colossus (Chrono Boost)  
  116  9:06  Pylon  
  116  9:07  Probe  
  116  9:08  Phoenix  
  117  9:10  Pylon  
  117  9:18  Probe  
  117  9:19  Protoss Ground Weapons Level 1 (Chrono Boost)  
  117  9:22  Pylon  
  118  9:24  Probe  
  118  9:30  High Templar x2  
  118  9:31  Zealot x2  
  127  9:35  Archon  
  127  9:36  Zealot  
  129  9:40  Probe  
  130  9:49  Disruptor (Chrono Boost), Pylon  
  133  9:59  Zealot x3  
  139  10:02  Pylon  
  139  10:08  Dark Shrine  
  139  10:19  Disruptor (Chrono Boost)  
  120  10:41  Zealot x5  
  130  10:48  Disruptor (Chrono Boost)  
  130  10:53  Probe x3  
  130  10:55  Shield Battery  
  136  10:57  Pylon  
  118  11:14  Zealot x5  
  121  11:21  Probe x3  
Show
View Real Time Build Order
Export as new Build Order

LiquidClem Terran - Winner!

Build Orders: 1/1/1 

Get SALT Encoding   

  12  0:00  SCV  
  13  0:12  SCV  
  14  0:16  Supply Depot  
  14  0:24  SCV  
  15  0:38  SCV  
  15  0:39  Barracks  
  16  0:44  Refinery  
  16  0:50  SCV  
  16  0:54  Refinery  
  17  1:02  SCV  
  18  1:14  SCV  
  19  1:26  Marine  
  19  1:27  Orbital Command  
  20  1:33  Factory  
  20  1:41  Supply Depot  
  20  1:44  Barracks Reactor  
  20  1:52  SCV  
  21  2:04  SCV  
  22  2:16  Starport, SCV  
  23  2:23  Hellion x2  
  23  2:25  Supply Depot  
  23  2:29  SCV  
  28  2:42  SCV  
  29  2:45  Hellion  
  29  2:47  Hellion  
  33  2:53  Medivac  
  33  2:55  Supply Depot  
  35  2:59  Armory  
  35  3:06  Widow Mine  
  37  3:14  SCV  
  37  3:18  Barracks Reactor  
  38  3:29  Widow Mine x2  
  42  3:37  Starport Tech Lab  
  42  3:40  Command Center  
  42  3:45  Supply Depot  
  42  3:49  SCV  
  42  3:54  Marine x2  
  45  4:03  SCV  
  45  4:06  Raven  
  45  4:08  Supply Depot  
  48  4:12  Marine x2  
  40  4:26  SCV  
  40  4:29  Marine  
  40  4:30  Barracks  
  38  4:32  Marine, Bunker  
  38  4:38  SCV  
  40  4:47  Marine  
  40  4:49  Marine  
  40  4:50  SCV  
  40  4:52  Siege Tank  
  46  4:58  Orbital Command  
  43  5:02  SCV  
  43  5:05  Marine  
  43  5:07  Marine  
  44  5:15  SCV  
  44  5:23  Marine  
  44  5:25  Marine x2, Siege Tank  
  44  5:28  SCV  
  48  5:35  SCV  
  49  5:44  Engineering Bay  
  49  5:45  SCV  
  49  5:46  Barracks  
  49  5:48  Marine x2  
  52  5:50  Medivac  
  52  5:53  SCV  
  55  5:57  SCV  
  55  6:00  Siege Tank  
  59  6:05  SCV  
  59  6:06  Barracks Tech Lab  
  59  6:08  Marine  
  59  6:09  Marine, SCV  
  63  6:13  Supply Depot  
  63  6:14  Terran Infantry Weapons Level 1  
  63  6:17  SCV  
  64  6:21  SCV  
  65  6:26  Stimpack  
  65  6:29  SCV  
  65  6:30  Marine  
  65  6:31  Marauder  
  69  6:33  Marine, SCV  
  69  6:37  Refinery  
  71  6:40  Supply Depot  
  71  6:41  SCV  
  71  6:44  Viking  
  73  6:47  SCV  
  73  6:51  Marine  
  73  6:53  Marauder  
  77  6:57  SCV  
  77  6:58  Supply Depot  
  77  7:00  Refinery  
  77  7:01  SCV  
  77  7:02  Marine  
  77  7:03  Marine  
  77  7:09  SCV  
  77  7:13  SCV  
  77  7:14  Marauder  
  76  7:17  Marine  
  76  7:21  SCV  
  76  7:22  Marine  
  78  7:25  Barracks Tech Lab  
  78  7:29  Siege Tank  
  79  7:30  Starport Reactor  
  79  7:31  SCV  
  79  7:36  SCV  
  81  7:37  Marine  
  81  7:38  Supply Depot  
  81  7:39  Marauder  
  81  7:43  SCV  
  85  7:45  Combat Shield  
  85  7:46  Supply Depot, Marauder  
  85  7:50  SCV  
  88  7:51  Marine  
  88  7:57  Marine  
  90  8:00  Supply Depot  
  90  8:01  Siege Tank  
  90  8:03  Marauder  
  95  8:08  Marauder  
  95  8:11  Marine  
  98  8:17  Command Center  
  98  8:21  Medivac  
  98  8:25  Supply Depot  
  98  8:26  Terran Infantry Armor Level 1  
  100  8:28  SCV x2  
  100  8:29  Marine  
  100  8:30  Marauder  
  100  8:33  Marine, Supply Depot  
  107  8:36  Marauder  
  107  8:40  SCV x2  
  110  8:43  Siege Tank  
  113  8:49  Supply Depot  
  113  8:50  Marine  
  113  8:51  Marauder  
  113  8:52  SCV  
  116  8:57  Medivac, Supply Depot  
  116  9:00  Marine  
  121  9:03  Marauder  
  120  9:11  Barracks  
  120  9:12  Marine  
  120  9:13  Barracks  
  120  9:14  Medivac  
  123  9:20  Siege Tank  
  123  9:21  Marauder  
  128  9:26  Marine  
  128  9:28  Supply Depot  
  128  9:29  Marauder  
  128  9:30  Marine  
  132  9:34  SCV x2  
  134  9:38  Medivac  
  134  9:42  Marauder  
  134  9:44  Marine  
  138  9:47  Medivac  
  138  9:48  SCV x2, Marine  
  142  9:54  Marauder  
  142  9:55  Orbital Command  
  144  10:01  Barracks Tech Lab, Barracks Reactor  
  144  10:03  Marine  
  144  10:04  Marauder, SCV  
  148  10:08  Supply Depot  
  148  10:09  Marine  
  148  10:16  Marauder  
  148  10:21  Siege Tank  
  153  10:25  Marauder x2  
  149  10:29  Marine  
  149  10:30  Marine  
  149  10:31  SCV  
  149  10:32  SCV x2  
  152  10:37  Marauder  
  152  10:39  Marine x2  
  152  10:41  Supply Depot  
  156  10:43  SCV  
  156  10:44  Ghost Academy  
  156  10:46  Marauder  
  156  10:48  Refinery  
  156  10:49  Refinery  
  159  10:50  Marine x2  
  159  10:55  Siege Tank  
  164  10:59  Marauder  
  164  11:00  Marine  
  164  11:01  Marine  
  164  11:04  Medivac  
  169  11:10  Marauder  
  170  11:12  Marauder  
  170  11:13  Marine x2  
Tags
 
Add a new tag
Caveats
  • Supply blocks, unpowered buildings, or Contaminate may cause inaccurate times.
  • Supply counts are checked every 10 seconds.